AoeStats
← eLROMPECATRE

Arabia

509797488Analyzed
1v1 RM · 5d ago on Sep 28, 2026· 37m 26s· 2 players
Game mode
Random Map
Map size
Tiny (2 player)
Population
200
Speed
Normal
Resources
Standard
Victory
Conquest
Starting age
Dark Age
Ending age
Imperial Age
RankedLock teamsTeams togetherTeam positionsShared explorationLock speedFull tech treeHidden civsTurbo modeCheats
Victory
Defeat
🇺🇸 Goths · United States
782
+30
🇦🇺 Celts · Australia
732
-14
eLROMPECATRE
8:15 Loom
10:24 Feudal Age
11:08 Double-Bit Axe
11:38 Town Watch
12:33 Wheelbarrow
14:09 Man-at-Arms
17:31 Horse Collar
18:01 Gold Mining
19:59 Scale Mail Armor
20:10 Forging
24:58 Castle Age
25:09 Long Swordsman
25:37 Gambesons
30:04 Iron Casting
29:45 Chain Mail Armor
II WaLsH II
7:27 Loom
11:28 Feudal Age
12:07 Horse Collar
12:14 Double-Bit Axe
13:13 Gold Mining
13:49 Man-at-Arms
16:32 Forging
16:22 Scale Mail Armor
18:18 Stone Mining
18:30 Scale Mail Armor
25:39 Castle Age
25:48 Long Swordsman
26:29 Squires
27:08 Heavy Plow
27:19 Bow Saw
27:48 Stone Shaft Mining
27:50 Iron Casting
27:31 Chain Mail Armor
27:55 Fervor
28:32 Chain Mail Armor
32:47 Anarchy
40:03 Imperial Age
Connection lost

Rejoining the realm…

Still unreachable

The connection could not be restored.

Session expired

The server has moved on; the page needs a fresh start.